 Dungeon Crawl Stone Soup version 0.30.0-5-g1a98f26d00 (webtiles) character file.

Game seed: 16610405820870157017

170 dialectric the Poker (level 5, -2/32 HPs)
             Began as a Gargoyle Wanderer on May 9, 2023.
             Was a Follower of Uskayaw.
             Splashed by a jelly's acid (7 damage)
             ... on level 4 of the Dungeon.
             The game lasted 00:03:14 (2072 turns).

dialectric the Poker (Gargoyle Wanderer)            Turns: 2072, Time: 00:03:14

Health: -2/32      AC:  5    Str: 14    XL:     5   Next: 51%
Magic:  4/6        EV: 11    Int:  9    God:    Uskayaw [*.....]
Gold:   159        SH:  0    Dex: 12    Spells: 5/6 levels left

rFire   + + +        s - +9 dagger of Damp Courage {heavy, rF++ Str-4}
rCold   . . .        (no shield)
rNeg    + . .        d - +0 leather armour
rPois   ∞            (no helmet)
rElec   +            i - +0 cloak
rCorr   .            (no gloves)
SInv    .            o - +0 pair of boots
Will    .....        (no amulet)
Stlth   +            l - ring of protection from fire
HPRegen 0.25/turn    (no ring)
MPRegen 0.10/turn

%: no passive effects
@: corroded
A: sickness immunity, AC +4, negative energy resistance 1, electricity
resistance, torment resistance 1, petrification resistance
a: Renounce Religion, Stomp


You were on level 4 of the Dungeon.
You worshipped Uskayaw.
Uskayaw was noncommittal.
You visited 1 branch of the dungeon, and saw 4 of its levels.

You collected 159 gold pieces.

Inventory:

Hand Weapons
 a - a +2 spear
 s - the +9 dagger of Damp Courage (weapon) {heavy, rF++ Str-4}
   (You found it on level 3 of the Dungeon)

   Str:       It affects your strength (-4).
   rF:        It greatly protects you from fire.
Missiles
 r - 8 boomerangs
Armour
 b - a +0 buckler
 d - a +0 leather armour (worn)
 i - a +0 cloak (worn)
 o - a +0 pair of boots (worn)
Jewellery
 l - a ring of protection from fire (left hand)
 q - an amulet of faith
 u - a ring of protection from fire
Wands
 t - a wand of roots (5)
Scrolls
 c - 2 scrolls of fog
 f - 4 scrolls of identify {unknown}
 h - a scroll of silence {unknown}
 j - 3 scrolls of teleportation {unknown}
 k - a scroll of acquirement {unknown}
 m - a scroll of summoning {unknown}
 n - a scroll of vulnerability {unknown}
Potions
 e - a potion of magic {unknown}
 g - a potion of flight {unknown}
 p - 2 potions of curing {unknown}


   Skills:
 * Level 2.9 Fighting
 + Level 0.6 Short Blades
 - Level 4.2 Polearms
 + Level 2.2 Armour
 * Level 1.0 Dodging
 - Level 2.1 Shields
 - Level 1.0 Spellcasting
 - Level 1.0 Hexes
 - Level 1.0 Invocations


You had 5 spell levels left.
You knew the following spells:

 Your Spells              Type           Power      Damage    Failure   Level
a - Slow                  Hex            8%         N/A       30%         1

Your spell library contained the following spells:

 Spells                   Type           Power      Damage    Failure   Level
 Apportation              Tloc           0%         N/A       41%         1
 Magic Dart               Conj           0%         1d3       41%         1
 Necrotise                Necr           0%         1d4       41%         1
 Summon Small Mammal      Summ           0%         N/A       41%         1
 Call Imp                 Summ           0%         N/A       56%         2
 Confusing Touch          Hex            2%         N/A       65%         3
 Dazzling Flash           Conj/Hex       2%         N/A       73%         3
 Mephitic Cloud           Conj/Pois/Air  0%         N/A       80%         3
 Vampiric Draining        Necr           0%         2d6       80%         3


Dungeon Overview and Level Annotations

Branches:
Dungeon (4/15)
 Temple: D:4-7

Altars:
Ru
Uskayaw

Shops:
D:1 [

Annotations:
D:2 Sigmund
D:3 3 runed translucent doors, SnakkuSnakku7's ghost, amateur AtWr
D:4 2 transporters


Innate Abilities, Weirdness & Mutations

You are immune to sickness and miasma.
Your stone body is resilient. (AC +4)
You are immune to poison.
You resist negative energy. (rN+)
You are resistant to electric shocks. (rElec)
You are resistant to unholy torment.
You are immune to petrification.


Message History

Unknown command.
You puncture the orc!
You kill the orc!
The orc hits you but does no damage.
Unknown command.
You puncture the orc!
You kill the orc!
An endoplasm comes into view.
Your Dodging skill increases to level 1!
You see here a +0 short sword.
The endoplasm barely misses you.
You puncture the endoplasm!
You kill the endoplasm!
You can now pass through a line of other dancers.
A jelly comes into view.
A jelly is nearby!
You can no longer pass through a line of other dancers.
The jelly quivers.
Okay, then.
Casting: Slow (safe; 30% risk of failure)
Confirm with . or Enter, or press ? or * to list all spells.
Aiming: Slow (safe; 30% risk of failure)
Press: ? - help, Shift-Dir - straight line, f - jelly
Aim: a jelly (chance to affect: 44%)
The jelly resists with some effort.
Unknown command.
Casting: Slow (safe; 30% risk of failure)
Confirm with . or Enter, or press ? or * to list all spells.
Aiming: Slow (safe; 30% risk of failure)
Press: ? - help, Shift-Dir - straight line, f/p - jelly
Aim: a jelly (chance to affect: 44%)
The jelly resists with some effort.
Unknown command.
You hit the jelly. The acid corrodes you!
Your hands burn!
* * * LOW HITPOINT WARNING * * *
The jelly is lightly wounded.
The jelly hits you.
* * * LOW HITPOINT WARNING * * *
You are splashed with acid!
You die...

.~~~..#..#.........#
.~♣~..+/©#©........#
.~P~..#..#.........#
≈≈≈≈≈≈#.P#.........#
.. 5#P8#.........#
## #####.........#
.. ..............#
#.. ............[.#
#.. ..........J@..#
.# #####...))....#
.+ +...))....# .#
#.........# .##
###.........# ...
............# ...
............# ...
.............# ...
.............#


You could see a jelly.

Vanquished Creatures
  A jelly (D:3)
  An orc wizard (D:4)
  An iguana (D:4)
  3 adders
  A worm (D:2)
  A dart slug (D:3)
  7 orcs (D:4)
  4 bats (D:3)
  8 endoplasms
  6 giant cockroaches
  4 goblins
  2 hobgoblins (D:3)
  3 quokkas
  4 ball pythons
  6 rats
52 creatures vanquished.

Notes
Turn   | Place    | Note
-------+----------+-------------------------------------------
     0 | D:1      | dialectric the Gargoyle Wanderer began the quest for the
                  | Orb.
     0 | D:1      | dialectric set off with the following items: a +2 spear, a
                  | +0 buckler, a scroll of fog, a +0 leather armour; and the
                  | following spell memorised: Slow; and the following spells
                  | available to memorise: Dazzling Flash.
     0 | D:1      | Reached XP level 1. HP: 12/12 MP: 2/2
   214 | D:1      | Reached skill level 3 in Polearms
   280 | D:1      | Reached XP level 2. HP: 15/16 MP: 3/3
   295 | D:1      | Found a faded altar of an unknown god.
   323 | D:1      | Prayed at the altar of an unknown god.
   323 | D:1      | Became a worshipper of Uskayaw the Reveller
   323 | D:1      | Reached * piety under Uskayaw
   414 | D:1      | Found Natunoje's Armour Emporium.
   660 | D:1      | Reached ** piety under Uskayaw
   889 | D:2      | Reached XP level 3. HP: 21/21 MP: 4/4
   967 | D:2      | Noticed Sigmund
  1080 | D:3      | Found a sacrificial altar of Ru.
  1227 | D:3      | Reached *** piety under Uskayaw
  1298 | D:3      | Identified the +9 dagger of Damp Courage {heavy, rF++
                  | Str-4}
  1301 | D:3      | Found a runed translucent gate.
  1302 | D:3      | Found a runed translucent gate.
  1302 | D:3      | Noticed SnakkuSnakku7's ghost (amateur AtWr)
  1303 | D:3      | Found a runed translucent gate.
  1303 | D:3      | Noticed a kobold brigand
  1397 | D:3      | Identified the +1 tower shield "Niysia" {rPois rC+ rN+}
  1462 | D:3      | Reached skill level 4 in Polearms
  1462 | D:3      | Reached XP level 4. HP: 26/26 MP: 5/5
  1871 | D:4      | Reached XP level 5. HP: 19/31 MP: 6/6
  1928 | D:4      | Found a transporter.
  1971 | D:4      | Found a transporter.
  2058 | D:4      | Reached skill level 1 in Dodging
  2072 | D:4      | Splashed by a jelly's acid

Illustrated notes

Levels and vault maps discovered:
D:1:      dpeg_arrival_pits, layout_basic, serial_shops, shop,
          shapermc_ecumenical_altar_ellora
D:2:      layout_loops_ring, moated_statue, serial_park_tiny_pond, st_stairs_8,
          minmay_cupped, uniq_terence, uniq_sigmund
D:3:      layout_loops_ring, mainiacjoe_overflow_alcove_4,
          gammafunk_ghost_nasty_kobolds, minmay_joined_circles
D:4:      gammafunk_wand_slinger, layout_gridville,
          minmay_temple_entry_from_below_b, dreamdust_wishing_well

Skill      XL: |  1  2  3  4  5 |
---------------+----------------+-----
Polearms       | 3 4 |  4.2
Fighting       | 2 |  2.9
Armour         | 2 |  2.2
Dodging        | 1 |  1.0
Short Blades   | |  0.6
Shields        | |  2.1
Spellcasting   | |  1.0
Hexes          | |  1.0
Invocations    | |  1.0

Action                     |  1- 3 |  4- 6 || total
---------------------------+-------+-------++-------
  Melee: Spear             |    95 |       ||    95
         Dagger            |     7 |    50 ||    57
   Cast: Slow              |     1 |     2 ||     3
   Stab: Sleeping          |     4 |       ||     4
 Armour: Leather armour    |    31 |    34 ||    65
  Dodge: Dodged            |    35 |    29 ||    64
  Block: Buckler           |     1 |       ||     1
